 Dungeon Crawl Stone Soup version 0.31.0-11-ge490571c62 (webtiles) character file.

Game seed: 12861117912682235030

1927 qw the Nimble (level 8, -5/40 HPs)
             Began as a Spriggan Hunter on Feb 4, 2024.
             Was a Follower of Okawaru.
             Slain by a cane toad (20 damage)
             ... on level 1 of the Lair of Beasts.
             The game lasted 00:00:20 (4389 turns).

qw the Nimble (Spriggan Hunter)                     Turns: 4389, Time: 00:00:20

Health: -5/40      AC:  6    Str:  7    XL:     8   Next: 96%
Magic:  6/9        EV: 30    Int: 10    God:    Okawaru [*.....]
Gold:   860        SH:  0    Dex: 21    Spells: 7/7 levels left

rFire   + . .        d - +0 orcbow
rCold   . . .        (shield currently unavailable)
rNeg    . . .        a - +2 robe {rF+}
rPois   .            (helmet restricted)
rElec   .            j - +1 cloak
rCorr   .            (gloves unavailable)
SInv    +            (boots unavailable)
Will    ++...        (no amulet)
Stlth   ++++         g - ring of willpower
HPRegen 0.26/turn    (no ring)
MPRegen 0.11/turn

%: no passive effects
@: heroic, very quick
A: very small, no large weapons, unfitting armour, see invisible, speed 3
a: Renounce Religion, Heroism


You were on level 1 of the Lair of Beasts.
You worshipped Okawaru.
Okawaru was aware of your devotion.
You visited 3 branches of the dungeon, and saw 9 of its levels.

You collected 905 gold pieces.
You spent 45 gold pieces at shops.


Innate Abilities, Weirdness & Mutations

You are very small and have problems with some larger weapons.
You are too small for most types of armour.
You have supernaturally acute eyesight. (SInv)
You cover ground extremely quickly. (Speed+++)


   Skills:
 - Level 3.5(8.5) Fighting
 + Level 9.4(14.4) Ranged Weapons
 - Level 9.5(14.5) Dodging
 - Level 1.5(6.5) Stealth
 + Level 0.0 Invocations


You had 7 spell levels left.
You didn't know any spells.
Your spell library was empty.

Inventory:

Hand Weapons
 d - a +0 orcbow (weapon)
Armour
 a - a +2 robe of fire resistance (worn)
 j - a +1 cloak (worn)
Jewellery
 g - a ring of willpower (left hand)
Wands
 b - a wand of flame (9)
Potions
 e - a potion of resistance
 h - a potion of cancellation {unknown}
 i - a potion of might

Dungeon Overview and Level Annotations

Branches:
Dungeon (8/15)             Temple (1/1) D:7            Lair (1/5) D:8

Altars:
Cheibriados
Dithmenos
Gozag
Kikubaaqudgha
Okawaru
Qazlal
Ru
Sif Muna
Trog
Vehumet
Wu Jian
Xom
Yredelemnul
Zin

Shops:
D:1 [   D:4 (

Annotations:
D:2 1 runed translucent door, Crazy Yiuf
D:8 3 runed translucent doors, qw's ghost, novice SpHu


Message History

The cane toad barely misses you. The yak gores you!
You shoot an arrow. The arrow hits the yak.
The yak is almost dead.
The cane toad completely misses you. The yak gores you but does no damage.
You shoot an arrow. The arrow hits the yak.
You kill the yak!
Okawaru accepts your kill.
You can now gain great but temporary skills.
The cane toad completely misses you.
You shoot an arrow.
The arrow hits the cane toad but does no damage.
The cane toad closely misses you.
You shoot an arrow. The arrow closely misses the cane toad.
You feel like a meek peon again. The cane toad barely misses you.
4382 ||| INVOKING Heroism.
You gain the combat prowess of a mighty hero.
The cane toad completely misses you.
You shoot an arrow. The arrow closely misses the cane toad.
The cane toad barely misses you.
You shoot an arrow. The arrow closely misses the cane toad.
The cane toad completely misses you.
You shoot an arrow.
The arrow hits the cane toad but does no damage.
The cane toad misses you.
You shoot an arrow. The arrow hits the cane toad!
The cane toad is heavily wounded.
The cane toad misses you.
You shoot an arrow.
The arrow hits the cane toad but does no damage.
The cane toad is heavily wounded.
The cane toad misses you.
You shoot an arrow.
The arrow hits the cane toad but does no damage.
The cane toad is heavily wounded.
The cane toad misses you.
You shoot an arrow. The arrow barely misses the cane toad.
The cane toad stings you!!
Ouch! That really hurt!
You die...

## #### ###
####.###..###PP#.
.................
......).........#
.......@F.......#
####..###........
## #<......#
#.......#
#........
#....#### #....#
#....# #[....


You could see a cane toad.

Vanquished Creatures
  An unseen horror (D:8)
  A wyvern (Lair:1)
  3 yaks (Lair:1)
  Menkaure (D:4)
  A water moccasin (D:7)
  A sky beast (D:4)
  A black bear (D:4)
  An ogre (D:4)
  A kobold brigand (D:8)
  A bombardier beetle (D:7)
  3 jellies
  3 orc priests
  A gnoll bouda (D:5)
  An iguana (D:4)
  A sleepcap (D:4)
  Natasha (D:4)
  2 orc wizards
  3 adders
  7 gnolls
  2 white imps
  2 ribbon worms
  4 dart slugs
  12 orcs
  8 ball pythons
  6 bats
  8 endoplasms
  2 giant cockroaches (D:1)
  11 goblins
  6 hobgoblins
  3 jackals (D:2)
  4 quokkas
  3 frilled lizards
  14 kobolds
  6 rats
125 creatures vanquished.

Notes
Turn   | Place    | Note
-------+----------+-------------------------------------------
     0 | D:1      | qw the Spriggan Hunter began the quest for the Orb.
     0 | D:1      | Reached XP level 1. HP: 10/10 MP: 2/2
     0 | D:1      | 0 ||| qw: Version: 0.3-a-160-g6735b56
     0 | D:1      | 0 ||| qw: Game counter: 5584
     0 | D:1      | 0 ||| qw: Melee chars always use a shield: true
     0 | D:1      | 0 ||| qw: God list: Okawaru
     0 | D:1      | 0 ||| qw: Allow faded altars: false
     0 | D:1      | 0 ||| qw: Do Orc after clearing Dungeon:15 true
     0 | D:1      | 0 ||| qw: Do second Lair branch before Depths: true
     0 | D:1      | 0 ||| qw: Lair rune preference: random
     0 | D:1      | 0 ||| qw: Goals: Normal
     0 | D:1      | 0 ||| PLANNING D:1-11
    24 | D:1      | Reached skill level 3 in Dodging
    51 | D:1      | 51 ||| DROPPING scroll of butterflies.
    55 | D:1      | Reached XP level 2. HP: 14/14 MP: 3/3
   573 | D:1      | Found Kutoy's Armour Shop.
   582 | D:1      | 582 ||| SHOPLISTING +2 acid dragon scales (624 gold, have
                  | 85).
   701 | D:1      | Reached XP level 3. HP: 18/18 MP: 4/4
   909 | D:1      | 909 ||| READING scroll labelled ZUOVIKL IN LOA.
   910 | D:1      | 910 ||| READING 3 scrolls labelled FOITSO OFFAPHEFEXE.
   910 | D:1      | 910 ||| IDENTIFYING smoky sapphire potion
   911 | D:1      | 911 ||| READING 2 scrolls of identify.
   911 | D:1      | 911 ||| IDENTIFYING scroll labelled KUODIA YROSA
   912 | D:1      | 912 ||| DROPPING scroll of noise.
   931 | D:2      | 931 ||| STAIRDANCE
  1008 | D:2      | Found a runed translucent door.
  1009 | D:2      | Noticed Crazy Yiuf
  1295 | D:2      | Reached XP level 4. HP: 19/22 MP: 5/5
  1295 | D:2      | 1295 ||| FLEEEEING.
  1296 | D:2      | 1296 ||| FLEEEEING.
  1639 | D:2      | 1639 ||| UPGRADING to +0 cloak.
  1644 | D:2      | 1644 ||| READING 4 scrolls of identify.
  1644 | D:2      | 1644 ||| IDENTIFYING green potion
  1645 | D:2      | 1645 ||| READING 3 scrolls of identify.
  1645 | D:2      | 1645 ||| IDENTIFYING bubbling emerald potion
  1646 | D:2      | 1646 ||| READING 2 scrolls of identify.
  1646 | D:2      | 1646 ||| IDENTIFYING purple potion
  1647 | D:2      | 1647 ||| READING scroll of identify.
  1647 | D:2      | 1647 ||| IDENTIFYING scroll labelled QIOGAEXZAMN
  1648 | D:2      | 1648 ||| READING scroll labelled XAUXIF MUOPEI.
  1723 | D:2      | 1723 ||| READING 3 scrolls labelled OBROJ BO FUFO.
  1723 | D:2      | Identified 3 scrolls of acquirement
  1723 | D:2      | 1723 ||| ACQUIRING +1 robe of the Unseen Realm {Rampage
                  | Stlth+}
  1723 | D:2      | Acquired the +1 robe of the Unseen Realm {Rampage Stlth+}
  1725 | D:2      | 1725 ||| UPGRADING to +1 robe of the Unseen Realm {Rampage
                  | Stlth+}.
  1735 | D:2      | 1735 ||| DROPPING +0 robe.
  1736 | D:2      | 1736 ||| READING 2 scrolls of acquirement.
  1736 | D:2      | 1736 ||| ACQUIRING 579 gold pieces
  1736 | D:2      | Acquired 579 gold pieces
  1737 | D:2      | 1737 ||| READING scroll of acquirement.
  1737 | D:2      | 1737 ||| ACQUIRING +4 shortbow of Compassion {drain, rPois
                  | MP+9 Str-4}
  1737 | D:2      | Acquired the +4 shortbow of Compassion {drain, rPois MP+9
                  | Str-4}
  1739 | D:2      | 1739 ||| SWAPPING to +4 shortbow of Compassion {drain,
                  | rPois MP+9 Str-4}.
  1740 | D:2      | 1740 ||| DROPPING +0 shortbow.
  1804 | D:2      | 1804 ||| READING 2 scrolls labelled ORAECI REDEARA.
  1905 | D:2      | 1905 ||| READING scroll labelled LULOTI QIERCH.
  1906 | D:2      | 1906 ||| DROPPING potion of attraction.
  1907 | D:2      | 1907 ||| DROPPING scroll of immolation.
  1908 | D:2      | 1908 ||| DROPPING potion of berserk rage.
  1909 | D:2      | 1909 ||| DROPPING scroll of silence.
  2110 | D:3      | Reached XP level 5. HP: 26/26 MP: 6/6
  2657 | D:3      | 2657 ||| UPGRADING to +2 robe of fire resistance.
  2667 | D:3      | 2667 ||| DROPPING +1 robe of the Unseen Realm {Rampage
                  | Stlth+}.
  2668 | D:3      | 2668 ||| UPGRADING to ring of willpower.
  2669 | D:3      | 2669 ||| READING scroll labelled WILIUN ZALAAN.
  2669 | D:3      | 2669 ||| ENCHANTING +0 cloak.
  2670 | D:3      | 2670 ||| READING scroll labelled SAEP KUN NIZU.
  2671 | D:3      | 2671 ||| DRINKING 2 puce potions.
  2672 | D:3      | 2672 ||| DRINKING fuming sapphire potion.
  2673 | D:3      | 2673 ||| DROPPING potion of ambrosia.
  2706 | D:4      | Noticed Menkaure
  2709 | D:4      | 2709 ||| FLEEEEING.
  2715 | D:4      | HP: 6/26 [??? (4)]
  2716 | D:4      | 2716 ||| DRINKING potion of heal wounds.
  2718 | D:4      | Killed Menkaure
  2719 | D:4      | Reached skill level 6 in Ranged Weapons
  2719 | D:4      | Reached XP level 6. HP: 28/30 MP: 7/7
  2729 | D:4      | Found a sacrificial altar of Ru.
  2851 | D:4      | Found Cyih's Weapon Emporium.
  2866 | D:4      | 2866 ||| FLEEEEING.
  2868 | D:4      | 2868 ||| FLEEEEING.
  2869 | D:4      | 2869 ||| FLEEEEING.
  2871 | D:4      | 2871 ||| FLEEEEING.
  2872 | D:4      | 2872 ||| FLEEEEING.
  2874 | D:4      | 2874 ||| FLEEEEING.
  2875 | D:4      | 2875 ||| FLEEEEING.
  2884 | D:4      | Reached skill level 6 in Dodging
  2914 | D:4      | 2914 ||| BUYING +0 orcbow (45 gold).
  2914 | D:4      | Bought a +0 orcbow for 45 gold pieces
  2914 | D:4      | 2914 ||| SWAPPING to +0 orcbow.
  2915 | D:4      | 2915 ||| DROPPING +4 shortbow of Compassion {drain, rPois
                  | MP+9 Str-4}.
  2982 | D:4      | Noticed a sky beast
  2998 | D:4      | Killed a sky beast
  3067 | D:4      | Reached XP level 7. HP: 35/35 MP: 8/8
  3273 | D:4      | Noticed Natasha
  3276 | D:4      | Killed Natasha
  3312 | D:4      | 3312 ||| RETREEEEATING.
  3315 | D:4      | HP: 6/35 [black bear (4)]
  3650 | D:4      | 3650 ||| READING 2 scrolls of identify.
  3650 | D:4      | 3650 ||| IDENTIFYING fizzy orange potion
  3651 | D:4      | 3651 ||| READING scroll of identify.
  3651 | D:4      | 3651 ||| IDENTIFYING clear potion
  3652 | D:4      | 3652 ||| DROPPING potion of brilliance.
  3688 | D:5      | Entered Level 5 of the Dungeon
  3929 | D:5      | You fall into a shaft and drop 3 floors!
  3982 | D:8      | Noticed an unseen horror
  3983 | D:8      | 3983 ||| DRINKING potion of haste.
  3989 | D:8      | Killed an unseen horror
  3990 | D:8      | Reached XP level 8. HP: 39/39 MP: 9/9
  4062 | D:8      | Found a runed translucent gate.
  4063 | D:8      | Found a runed translucent gate.
  4063 | D:8      | Noticed a kobold demonologist
  4063 | D:8      | Noticed qw's ghost (novice SpHu)
  4064 | D:8      | Found a runed translucent gate.
  4184 | D:8      | Found a staircase to the Lair.
  4242 | D:7      | Found a staircase to the Ecumenical Temple.
  4243 | D:7      | 4243 ||| PLANNING TEMPLE
  4246 | D:7      | 4246 ||| DRINKING 2 dark potions.
  4261 | D:7      | Reached skill level 3 in Fighting
  4266 | Temple   | Entered the Ecumenical Temple
  4267 | Temple   | 4267 ||| PLANNING OKAWARU WORSHIP
  4279 | Temple   | Became a worshipper of Warmaster Okawaru
  4280 | Temple   | 4280 ||| PLANNING LAIR
  4344 | Lair:1   | Entered Level 1 of the Lair of Beasts
  4351 | Lair:1   | Reached skill level 9 in Ranged Weapons
  4364 | Lair:1   | Reached * piety under Okawaru
  4365 | Lair:1   | Reached skill level 9 in Dodging
  4368 | Lair:1   | Noticed a cane toad
  4369 | Lair:1   | 4369 ||| INVOKING Heroism.
  4382 | Lair:1   | 4382 ||| INVOKING Heroism.
  4389 | Lair:1   | Slain by a cane toad

Levels and vault maps discovered:
D:1:      dpeg_arrival_ternary, layout_rooms, serial_shops, shop,
          serial_co_window_serial, co_window_paths_a, co_window_paths_b,
          co_window_paths_a, co_window_paths_a, co_window_of_opportunity_a,
          co_window_broadway_a, co_window_broadway_a, co_window_broadway_c,
          co_window_corner_b, co_window_corner_b, co_window_corner_ca,
          co_window_paths_e, glass_columns_a, glass_columns_b, glass_columns_a,
          glass_columns_c, glass_columns_a
D:2:      layout_basic, uniq_crazy_yiuf_cottage
D:3:      layout_basic
D:4:      layout_basic, nicolae_ru_sacrificial_ziggurat, serial_shops,
          nicolae_shop_scrapyard, uniq_menkaure, uniq_natasha
D:5:      layout_basic
D:7:      wad_lake_hut, layout_basic, minmay_temple_entry_stoned_glass,
          minmay_statues_item, minmay_misc_feat_rugged
D:8:      layout_layer_cave, minitemple, lair_entry_dummy,
          gammafunk_ghost_nasty_kobolds, kennysheep_generic_room_8,
          uniq_jeremiah
Temple:   compressed_dpeg_triangle_lava_temple
Lair:1:   layout_chaotic_city, infiniplex_staircase_pool_2, grunt_megastairs_2,
          lemuel_fruit_tree, serial_bayou_shore_b, serial_bayou_shore_b,
          serial_bayou_shore_a, uniq_amaemon

Skill      XL: |  1  2  3  4  5  6  7  8 |
---------------+-------------------------+-----
Dodging        | 3 4 5 6 7 9 |  9.5
Ranged Weapons | 5 6 7 8 9 |  9.4
Fighting       | 2 3 |  3.5
Stealth        | |  1.5

Action                     |  1- 3 |  4- 6 |  7- 9 || total
---------------------------+-------+-------+-------++-------
   Fire: Shortbow          |   116 |    72 |       ||   188
         Orcbow            |       |    22 |   175 ||   197
 Invoke: Heroism           |       |       |     2 ||     2
    Use: Scroll            |     3 |    12 |     2 ||    17
         Potion            |       |     3 |     2 ||     5
 Armour: Robe              |    13 |     5 |    35 ||    53
  Dodge: Dodged            |    36 |    23 |   108 ||   167

Table legend:
 A = Non-vault XP
 B = Vault XP
 C = Vault XP percentage of total XP
 D = Non-vault monster count
 E = Vault monster count
 F = Vault count percentage of total count
                 A         B        C        D         E       F
            +---------+---------+-------+---------+---------+-------
      Total |    2544 |     210 |   7.6 |     123 |       2 |   1.6
            +---------+---------+-------+---------+---------+-------
        D:1 |      45 |       0 |   0.0 |      24 |       0 |   0.0
        D:2 |      58 |       0 |   0.0 |      25 |       0 |   0.0
        D:3 |     177 |       0 |   0.0 |      21 |       0 |   0.0
        D:4 |     497 |     210 |  29.7 |      24 |       2 |   7.7
        D:5 |      95 |       0 |   0.0 |       6 |       0 |   0.0
        D:7 |     243 |       0 |   0.0 |       3 |       0 |   0.0
        D:8 |     633 |       0 |   0.0 |      16 |       0 |   0.0
     Lair:1 |     796 |       0 |   0.0 |       4 |       0 |   0.0
            +---------+---------+-------+---------+---------+-------
